 Dungeon Crawl Stone Soup version 0.30-a0-851-gbd0d260d8e (webtiles) character file.

Game seed: 14892031039523568415

8467 MacCMillion the Thaumaturge (level 11, -3/85 HPs)
             Began as a Djinni Air Elementalist on Mar 4, 2023.
             Was a Follower of Ashenzari.
             Slain by an unseen horror (9 damage)
             ... on level 10 of the Dungeon.
             The game lasted 00:33:02 (11492 turns).

MacCMillion the Thaumaturge (DjAE)                 Turns: 11492, Time: 00:33:02

Health: -3/85      AC:  8    Str: 13    XL:     11   Next: 56%
Gold:   641        EV: 12    Int: 27    God:    Ashenzari [*.....] SH:  0 Dex: 14

rFire   + + +      SeeInvis .    (no weapon)
rCold   x . .      Faith    .    (no shield)
rNeg    . . .      Spirit   .    B - +1 acid dragon scales of Curses and Power {rCorr, Melee, Fort} (curse)
rPois   ∞          Reflect  .    (no helmet)
rElec   .          Rampage  .    E - +0 cloak "Shattered Servitude" {Cun, Melee} (curse)
rCorr   +                        (no gloves)
Will    +....                    (boots unavailable)
Stlth   ++                       (no amulet)
HPRegen 0.34/turn                l - +6 ring of strength
MPRegen 0.00/turn                H - ring of the Kraken {Fly rF+ Int+6}

@: flying, studying Staves
A: sickness immunity, fire resistance 2, cold vulnerability 1, float, innate
caster, HP casting, extra vitality 1
a: Renounce Religion, Shatter the Chains


You were on level 10 of the Dungeon.
You worshipped Ashenzari.
Ashenzari was aware of your devotion.
You visited 2 branches of the dungeon, and saw 11 of its levels.
You also visited: Ossuary and Bailey.

You collected 821 gold pieces.
You spent 180 gold pieces at shops.

Inventory:

Armour
 a - a +0 robe
 g - the +0 cloak "Duwog" {rC- rN++ Will+ Str+3}
   (You found it on level 2 of the Dungeon)

   Str:       It affects your strength (+3).
   rC:        It makes you vulnerable to cold.
   rN:        It greatly protects you from negative energy.
   Will:      It increases your willpower.
 B - the cursed +1 acid dragon scales of Curses and Power (worn) {rCorr, Melee, Fort}
   (You found it on level 6 of the Dungeon)

   rCorr:     It protects you from acid and corrosion.
   It has a curse which improves the following skills: Melee Combat: Short
   Blades, Long Blades, Axes, Maces & Flails, Polearms, Staves and Unarmed
   Combat.
   Fortitude: Armour and Shields.
 E - the cursed +0 cloak "Shattered Servitude" (worn) {Cun, Melee}
   (You found it on level 7 of the Dungeon)

   It has a curse which improves the following skills: Cunning: Dodging and
   Stealth.
   Melee Combat: Short Blades, Long Blades, Axes, Maces & Flails, Polearms,
   Staves and Unarmed Combat.
Jewellery
 d - a +6 ring of dexterity
 i - an amulet of faith
 l - a +6 ring of strength (left hand)
 D - a ring of willpower
 H - the ring of the Kraken (right hand) {Fly rF+ Int+6}
   (You acquired it on level 9 of the Dungeon)

   [ring of intelligence]

   Int:       It affects your intelligence (+6).
   rF:        It protects you from fire.
   Fly:       It grants you flight.
 O - a ring of protection from fire
Wands
 t - a wand of digging (2)
 I - a wand of iceblast (3)
 P - a wand of acid (3)
Scrolls
 b - a scroll of brand weapon
 f - 3 scrolls of fog
 h - a scroll of amnesia
 j - a scroll of poison
 k - 3 scrolls of magic mapping
 o - 2 scrolls of enchant armour
 p - 6 scrolls of identify
 q - a scroll of torment
 v - 2 scrolls of teleportation
 x - 3 scrolls of enchant weapon
 y - a scroll of noise
 C - a scroll of vulnerability
 G - a scroll of fear
 K - 2 scrolls of immolation
 M - a scroll of acquirement
 N - a scroll of silence
Potions
 c - 3 potions of resistance
 e - 4 potions of degeneration
 m - 5 potions of lignification
 n - 4 potions of flight
 r - 2 potions of ambrosia
 s - 5 potions of mutation
 u - 2 potions of might
 w - 5 potions of curing
 z - 5 potions of heal wounds
 A - 3 potions of invisibility
 F - 2 potions of cancellation
 J - a potion of brilliance
 L - a potion of haste


   Skills:
 + Level 9.9 Fighting
 - Level 2.1(2.8) Dodging
 - Level 1.5(2.2) Stealth
 * Level 11.2 Spellcasting


You knew the following spells:

 Your Spells              Type           Power      Damage    Failure   Level
a - Shock                 Conj/Air       100%       1d9       1%          1
b - Static Discharge      Conj/Air       100%       2-7/arc   1%          2
c - Swiftness             Air            66%        N/A       1%          3
d - Airstrike             Air            33%        2d(5-21)  1%          4
e - Freeze                Ice            100%       1d10      1%          1
f - Blink                 Tloc           100%       N/A       1%          2
g - Call Canine Familiar  Summ           66%        N/A       1%          3
h - Hailstorm             Conj/Ice       66%        3d14      1%          3
i - Ice Form              Ice/Tmut       66%        N/A       1%          4
Your spell library was empty.

Dungeon Overview and Level Annotations

Branches:
Dungeon (10/15)            Temple (1/1) D:6            Lair (0/5) D:10
    Orc (0/2) D:9         Ossuary (visited)          Bailey (visited)

Altars:
Ashenzari
Cheibriados
Elyvilon
Fedhas
Gozag
Hepliaklqana
Makhleb
Nemelex Xobeh
Okawaru
Qazlal
Ru
Trog
Wu Jian
Xom
Yredelemnul
The Shining One

Shops:
D:4 =*

Annotations:
D:3 Grinder
D:4 Eustachio
D:7 2 transporters, Gandelf's ghost, novice MiBe


Innate Abilities, Weirdness & Mutations

You are immune to sickness and miasma.
You are immune to poison.
Your flesh is very heat resistant. (rF++)
You are vulnerable to cold. (rC-)
You float through the air rather than walking.
You learn spells naturally, not from books.
Your magical power is your life essence.
You have superior vitality. (+4 MHP)


Message History

The hail pelts the bush!
The bush is moderately damaged.
Something misses your warg.
Your warg barely misses the yak.
The yak gores your warg! The yak barely misses you. The yak gores your warg!
The yak gores you. Something closely misses your warg. The yak gores your warg!
Your warg dies!
Your warg's corpse disappears in a puff of smoke!
Something hits you.
Deactivating autopickup; reactivate with Ctrl-A.
Casting: Hailstorm (safe; 1% risk of failure)
Confirm with . or Enter, or press ? or * to list all spells.
Casting: Hailstorm (safe; 1% risk of failure)
Press: ? - help, Dir - look around, f - activate A cannonade of hail descends around you!
The hail pelts the plant!
The plant is moderately damaged.
The hail pelts the bush!
The bush is lightly damaged.
The hail pelts the yak.
The yak is almost dead.
The hail pelts the yak!!
You kill the yak!
The hail pelts the plant!!
The plant begins to die.
The plant is lightly damaged.
The hail pelts the plant!
The plant begins to die.
The plant is lightly damaged.
Something hits you! The yak gores you but does no damage. The yak gores you!
The yak gores the plant!
The yak gores you!
A nearby plant withers and dies. x2; The yak gores you! x2
* * * LOW HITPOINT WARNING * * *
Something hits you.
* * * LOW HITPOINT WARNING * * *
The yak gores the plant.
The plant begins to die.
Something hits you but does no damage. The yak attacks as you move away!
The yak gores you!
* * * LOW HITPOINT WARNING * * *
A nearby plant withers and dies.
The yak barely misses you. Something hits you but does no damage.
A nearby plant withers and dies.
Something hits you!
You die...

..............###########...#####
.####..#####.# #...# #...=.†..#
#...# #### #...†<#..##### #l..#
...#+#.....#......# #...#####
.........#.....##.# #####........
......##.#.#...##.###............
............#.###.#.......PP.....
...#+##.#<......@{.YY............
...#.##.#######..PYY.P....P......
.....##.. .....#................
..########.........♣.........P...
..+ .......P.....†.......... ..#
#........P.P..>..... ..#
#....?.............. ...
###+#+#............. ...#
#.............


You could see 4 yaks.

Vanquished Creatures
  A two-headed ogre (D:10)
  A troll (D:9)
  5 yaks
  2 wraiths
  A steam dragon (D:8)
  A basilisk (D:10)
  An acid dragon (D:9)
  A water moccasin (D:8)
  5 orc warriors (Bailey)
  3 black bears
  3 centaurs
  4 bullfrogs
  8 scorpions
  4 wights (D:7)
  A howler monkey (D:6)
  3 centaur zombies (Ossuary)
  3 hounds
  An orc priest (D:6)
  A jelly (D:7)
  A gnoll bouda (D:7)
  2 orc wizards
  2 scorpion zombies (Ossuary)
  7 adders
  10 gnolls
  A shadow imp (D:8)
  A white imp (D:7)
  A worm (D:2)
  4 dart slugs
  6 orcs
  5 bats
  6 endoplasms
  A giant cockroach (D:4)
  11 goblins
  5 hobgoblins
  8 quokkas
  10 ball pythons
  3 goblin zombies
  14 kobolds
  An orc zombie (Ossuary)
  6 rats
154 creatures vanquished.

Vanquished Creatures (collateral kills)
  A two-headed ogre (D:8)
  A hornet (D:9)
  3 yaks (D:10)
  A wyvern (D:10)
  An acid dragon (D:6)
  Edmund (D:5)
  A water moccasin (D:8)
  An ice beast (D:6)
  3 black bears
  An orc warrior (D:9)
  A centaur (D:8)
  2 ogres
  2 phantoms
  3 kobold brigands
  2 bullfrogs (D:8)
  2 scorpions
  A jelly (D:6)
  2 centaur zombies (Ossuary)
  2 hounds
  A human zombie (Ossuary)
  3 orc priests
  3 iguanas
  7 orc wizards
  A scorpion zombie (Ossuary)
  3 mummies (Ossuary)
  An adder (D:6)
  4 gnolls
  A shadow imp (D:6)
  A white imp (D:7)
  A worm (D:5)
  9 orcs
  3 goblins (D:7)
  A hobgoblin (Bailey)
  A quokka (D:5)
  A gnoll zombie (Ossuary)
  2 goblin zombies (Ossuary)
  2 hobgoblin zombies (Ossuary)
  12 kobolds
  A kobold zombie (Ossuary)
  2 orc zombies (Ossuary)
91 creatures vanquished.

Vanquished Creatures (others)
  A bush (D:10)
  A fungus (D:10)
  24 plants
26 creatures vanquished.

Grand Total: 271 creatures vanquished

Notes
Turn   | Place    | Note
-------+----------+-------------------------------------------
     0 | D:1      | MacCMillion the Djinni Air Elementalist began the quest for
                  | the Orb.
     0 | D:1      | MacCMillion set off with the following spells memorised:
                  | Shock, Static Discharge, Swiftness, Airstrike.
     0 | D:1      | Reached XP level 1. HP: 15/15 MP: 0/0
    16 | D:1      | Reached XP level 2. HP: 14/22 MP: 0/0
   224 | D:1      | Reached skill level 1 in Fighting
   372 | D:1      | Reached XP level 3. HP: 25/27 MP: 0/0
   372 | D:1      | Learned a level 1 spell: Freeze
   480 | D:1      | Reached skill level 3 in Spellcasting
   954 | D:2      | Reached XP level 4. HP: 30/32 MP: 0/0
  1253 | D:2      | Identified the +0 cloak "Duwog" {rC- rN++ Will+ Str+3}
  2048 | D:3      | Found a faded altar of an unknown god.
  2162 | D:3      | Found a shimmering altar of Xom.
  2171 | D:3      | Found an ornate altar of the Wu Jian Council.
  2339 | D:3      | Noticed Grinder
  2351 | D:3      | Reached XP level 5. HP: 34/38 MP: 0/0
  2351 | D:3      | Learned a level 2 spell: Blink
  2394 | D:3      | Paralysed by Grinder for 2 turns
  2406 | D:3      | Paralysed by Grinder for 5 turns
  2531 | D:3      | Paralysed by Grinder for 3 turns
  3003 | D:4      | Noticed Eustachio
  3024 | D:4      | Reached skill level 4 in Spellcasting
  3024 | D:4      | Reached XP level 6. HP: 42/45 MP: 0/0
  3078 | D:4      | Found Nohej's Jewellery Boutique.
  3126 | D:4      | Found Jaicw's Assorted Antiques.
  3150 | D:4      | Bought an encrusted cloak for 180 gold pieces
  3150 | D:4      | Identified the +0 cloak "Muyne" {Rampage} (You bought it in
                  | a shop on level 4 of the Dungeon)
  3222 | D:4      | Found a stormy altar of Qazlal.
  3769 | D:5      | Entered Level 5 of the Dungeon
  3845 | D:5      | Reached skill level 5 in Spellcasting
  3845 | D:5      | Reached XP level 7. HP: 7/50 MP: 0/0
  3845 | D:5      | Learned a level 3 spell: Call Canine Familiar
  4348 | D:5      | Reached XP level 8. HP: 33/58 MP: 0/0
  4695 | D:5      | Reached skill level 6 in Spellcasting
  4712 | D:5      | Noticed Edmund
  4783 | D:5      | Killed Edmund
  4784 | D:5      | Reached skill level 5 in Fighting
  5332 | D:6      | Found a sand-covered staircase.
  5339 | Ossuary  | Entered an ossuary
  5536 | Ossuary  | Reached skill level 7 in Spellcasting
  5536 | Ossuary  | Reached XP level 9. HP: 61/66 MP: 0/0
  5536 | Ossuary  | Learned a level 3 spell: Hailstorm
  6273 | D:6      | Found a hazy altar of Hepliaklqana.
  6475 | D:6      | Reached skill level 8 in Spellcasting
  7296 | D:6      | Reached XP level 10. HP: 54/75 MP: 0/0
  7440 | D:6      | Found a staircase to the Ecumenical Temple.
  7538 | Temple   | Entered the Ecumenical Temple
  7656 | Temple   | Became a worshipper of Ashenzari the Shackled
  7995 | D:7      | Reached skill level 9 in Spellcasting
  8273 | D:7      | Found a flagged portal.
  8278 | Bailey   | Entered a bailey
  8432 | Bailey   | Noticed an orc warlord
  8524 | Bailey   | Found a runed translucent gate.
  8526 | Bailey   | Found a runed translucent gate.
  8527 | Bailey   | Found a runed translucent gate.
  9265 | D:7      | Found a transporter.
  9279 | D:7      | Noticed Gandelf's ghost (novice MiBe)
  9279 | D:7      | Noticed a moth of wrath
  9293 | D:7      | Found a transporter.
  9873 | D:8      | Noticed a two-headed ogre
  9895 | D:8      | Killed a two-headed ogre
  9896 | D:8      | Reached skill level 10 in Spellcasting
  9973 | D:8      | Reached XP level 11. HP: 82/82 MP: 0/0
  9973 | D:8      | Learned a level 4 spell: Ice Form
 10540 | D:9      | Acquired the ring of the Kraken {Fly rF+ Int+6}
 10680 | D:9      | You are sucked into a shaft and drop 1 floor!
 10680 | D:10     | Entered Level 10 of the Dungeon
 10799 | D:9      | Found a staircase to the Orcish Mines.
 10984 | D:9      | Reached * piety under Ashenzari
 11349 | D:10     | Noticed a two-headed ogre
 11358 | D:10     | Killed a two-headed ogre
 11374 | D:10     | Reached skill level 11 in Spellcasting
 11471 | D:10     | Found a staircase to the Lair.
 11492 | D:10     | Slain by an unseen horror

Illustrated notes

Levels and vault maps discovered:
D:1:      dpeg_arrival_rooms_b, layout_loops_ring
D:2:      layout_loops_cross, roderic_lattice_a, minmay_pentomino_z2
D:3:      layout_loops_corners, mainiacjoe_overflow_swirl,
          hellmonk_ecumenical_altar_heavens_door, lexackson_kobold_supper,
          uniq_grinder
D:4:      layout_layer_cave, mainiacjoe_overflow_paths, serial_shops,
          shop_coins, shop_statue, kennysheep_doodads, uniq_eustachio
D:5:      layout_loops_ring, kennysheep_generic_room_10, uniq_edmund
D:6:      layout_gridville, amcnicky_altar_gilded,
          minmay_temple_entry_glassed_door, enter_ossuary_4,
          minmay_strange_pillars, minmay_manual_mail
D:7:      layout_rooms, enter_bailey_3, gammafunk_ghost_berserking_beasts
D:8:      layout_loops_cross, grunt_ministairs_2
D:9:      layout_roguey, orc_0_dummy, minmay_unpleasant_kobolds
D:10:     layout_basic, minmay_lair_entry_grove, serial_corexii_hall,
          corexii_hall_statues_x, corexii_hall_statues_l,
          kennysheep_generic_room_8
Temple:   dpeg_five_rooms_temple

Skill      XL: |  1  2  3  4  5  6  7  8  9 10 11 |
---------------+----------------------------------+-----
Fighting       | 1 2 3 4 5 7 8 9 |  9.9
Spellcasting   | 3 4 5 7 8 10 11 | 11.2
Dodging        | |  2.1
Stealth        | |  1.5

Action                     |  1- 3 |  4- 6 |  7- 9 | 10-12 || total
---------------------------+-------+-------+-------+-------++-------
  Melee: Unarmed           |       |     1 |     4 |       ||     5
   Cast: Shock             |    51 |    79 |   125 |    91 ||   346
         Freeze            |       |    23 |    19 |     4 ||    46
         Call Canine Famil |       |       |    37 |    28 ||    65
         Blink             |       |       |     2 |       ||     2
         Airstrike         |       |       |     3 |    47 ||    50
         Swiftness         |       |       |       |     2 ||     2
         Hailstorm         |       |       |       |     3 ||     3
 Invoke: Curse Item        |       |       |       |     2 ||     2
    Use: Scroll            |       |     2 |       |    13 ||    15
 Armour: Robe              |       |     5 |    19 |       ||    24
         Acid dragon scale |       |       |     4 |    21 ||    25
  Dodge: Dodged            |     5 |    22 |    79 |    43 ||   149

Table legend: (Time is in decaauts)
 A = Elapsed time spent in this place.
 B = Non-inter-level travel time spent in this place.
 C = Inter-level travel time spent in this place.
 D = Time resting spent in this place.
 E = Time spent auto-exploring this place.
 F = Levels seen in this place.
 G = Mean time per level.
                   A        B        C        D        E       F      G
               +--------+--------+--------+--------+--------+-----+--------+
         Total |  11501 |  11019 |    482 |   1573 |   7215 |  13 |  884.7 |
       Dungeon |   9905 |   9498 |    407 |   1183 |   6632 |  10 |  990.5 |
        Temple |    194 |    119 |     75 |      0 |    105 |   1 |  194.0 |
       Ossuary |    890 |    890 |      0 |    320 |    265 |   1 |  890.0 |
        Bailey |    510 |    510 |      0 |     70 |    213 |   1 |  510.0 |
               +--------+--------+--------+--------+--------+-----+--------+

Top non-repeatable levels by time:
     D:6: 1536 daAuts
     D:4: 1435 daAuts
     D:5: 1228 daAuts
     D:2: 1092 daAuts
     D:7: 1029 daAuts
     D:8: 982 daAuts
     D:9: 896 daAuts
 Ossuary: 890 daAuts
     D:3: 765 daAuts
     D:1: 751 daAuts
  Bailey: 510 daAuts
  Temple: 194 daAuts
    D:10: 187 daAuts
